AoeStats
← Khirs

MegaRandom

509682782Analyzed
4v4 RM · 3d ago on Sep 27, 2026· 63m 53s· 8 players
Game mode
Random Map
Map size
Large (8 player)
Population
200
Speed
Normal
Resources
Standard
Victory
Conquest
Starting age
Dark Age
Ending age
Imperial Age
RankedLock teamsTeams togetherTeam positionsShared explorationLock speedFull tech treeHidden civsTurbo modeCheats
Victory
Defeat
🇪🇸 Chinese · Spain
747
+8
🇮🇹 Bohemians · Italy
703
+9
🇲🇽 Mongols · Mexico
659
+10
560
+14
🇺🇸 Persians · United States
707
-17
🇨🇱 Cumans · Chile
501
-9
🇲🇽 Varangians · Mexico
481
-8
🇨🇳 Teutons · China
450
-7
Sir Rubo
0:43 Loom
20:56 Feudal Age
26:33 Castle Age
24:33 Gold Mining
24:34 Stone Mining
26:45 Horse Collar
26:53 Double-Bit Axe
29:51 Stone Shaft Mining
31:06 Heavy Plow
36:13 Imperial Age
35:13 Careening
35:14 Clinker Construction
36:27 Elite Longship
38:17 Ballistics
40:21 Dry Dock
41:33 Vendel Legacy
44:10 Bow Saw
44:38 Squires
44:24 Gambesons
45:29 Carvel Hull
45:37 Gothikon
46:37 Conscription
48:13 Chemistry
49:54 Medium Warships
50:34 Elite Varangian Guard
50:38 Capped Ram
53:34 Shipwright
56:09 Forging
55:59 Scale Mail Armor
leoestradaduran
7:40 Loom
9:57 Feudal Age
11:17 Wheelbarrow
10:30 Double-Bit Axe
11:18 Town Watch
11:33 Horse Collar
15:42 Gold Mining
17:26 Stone Mining
17:53 Town Watch
18:46 Town Watch
21:23 Castle Age
19:50 Fishing Lines
22:48 Hand Cart
22:45 Heavy Plow
23:20 Bow Saw
24:24 Gillnets
26:35 Gold Shaft Mining
27:35 Town Patrol
35:35 Imperial Age
34:59 Fervor
36:13 Fletching
36:23 Padded Archer Armor
36:34 Forging
36:24 Scale Mail Armor
36:29 Scale Barding Armor
37:26 Two-Man Saw
36:59 Crop Rotation
37:55 Chemistry
36:59 Bodkin Arrow
38:59 Capped Ram
40:28 Onager
41:16 Elite Skirmisher
42:18 Siege Ram
44:04 Siege Onager
44:55 Murder Holes
45:22 Ballistics
45:38 Iron Casting
45:18 Chain Mail Armor
45:23 Chain Barding Armor
45:19 Leather Archer Armor
45:22 Demolition Ship
46:16 Medium Warships
47:44 Blast Furnace
46:59 Pikeman
47:40 Squires
47:25 Arson
47:01 Man-at-Arms
53:04 Bloodlines
52:14 Light Cavalry
52:21 Elite Steppe Lancer
53:50 Plate Barding Armor
53:46 Plate Mail Armor
53:47 Ring Archer Armor
53:18 Caravan
53:48 Coinage
53:29 Guilds
62:30 Hoardings
61:20 Elite Kipchak
62:01 Steppe Husbandry
Forsaken__King
0:46 Loom
10:42 Feudal Age
11:08 Double-Bit Axe
11:06 Horse Collar
12:09 Wheelbarrow
20:33 Gold Mining
20:37 Stone Mining
24:28 Castle Age
22:13 Town Watch
25:09 Medium Warships
25:34 Bow Saw
25:26 Heavy Plow
26:48 Forging
26:43 Scale Barding Armor
26:56 Fletching
27:07 Padded Archer Armor
30:10 Gold Shaft Mining
29:34 Bodkin Arrow
29:55 Leather Archer Armor
29:29 Fishing Lines
31:49 Kamandaran
32:12 Ballistics
36:26 Murder Holes
36:42 Masonry
36:57 Chain Barding Armor
37:14 Hand Cart
37:36 Crossbowman
39:25 Husbandry
39:37 Bloodlines
40:26 Thumb Ring
42:18 Pikeman
42:59 Squires
46:02 Imperial Age
43:33 Town Patrol
43:36 Scale Mail Armor
44:11 Iron Casting
48:05 Cavalier
49:25 Plate Barding Armor
49:51 Blast Furnace
49:23 Architecture
52:37 Savar
狄奥德米将军
15:11 Feudal Age
18:04 Horse Collar
18:15 Double-Bit Axe
21:13 Stone Mining
21:57 Gold Mining
29:26 Castle Age
28:24 Wheelbarrow
28:48 Fletching
28:59 Padded Archer Armor
30:27 Heavy Plow
30:39 Bow Saw
31:24 Bodkin Arrow
35:53 Imperial Age
33:34 Squires
33:19 Arson
33:46 Scale Barding Armor
33:42 Scale Mail Armor
36:38 Hand Cart
36:50 Medium Warships
36:01 Demolition Ship
37:34 Conscription
37:50 Hoardings
37:25 Siege Engineers
38:00 Crenellations
38:20 Crop Rotation
39:20 Chain Barding Armor
39:12 Forging
39:03 Scale Mail Armor
39:36 Ironclad
39:42 Capped Ram
42:24 Iron Casting
42:04 Chain Mail Armor
42:25 Plate Barding Armor
43:09 Two-Man Saw
43:30 Bloodlines
43:05 Cavalier
48:32 Blast Furnace
48:36 Plate Mail Armor
51:02 Elite Teutonic Knight
51:07 Paladin
54:09 Heavy Warships
53:05 Heavy Demolition Ship
54:52 Masonry
54:53 Fortified Wall
54:30 Arrowslits
55:48 Chemistry
Golden Boy
10:28 Loom
12:53 Feudal Age
13:19 Double-Bit Axe
13:59 Fishing Lines
23:21 Castle Age
23:51 Forging
23:42 Scale Mail Armor
24:40 Wheelbarrow
24:30 Gold Mining
25:14 Town Watch
26:53 Bow Saw
27:01 Gillnets
28:13 Hand Cart
27:59 Town Patrol
30:02 Gold Shaft Mining
30:02 Horse Collar
35:46 Imperial Age
34:34 Ballistics
37:38 Chemistry
36:23 Heavy Scorpion
38:40 Stone Mining
43:52 Conscription
46:08 Stone Shaft Mining
46:13 Drill
46:21 Siege Engineers
tonyhernandezjimenez8
13:09 Feudal Age
13:36 Fishing Lines
14:39 Wheelbarrow
13:53 Double-Bit Axe
17:10 Gold Mining
21:27 Castle Age
20:33 Horse Collar
22:37 Hand Cart
22:36 Bow Saw
22:21 Stone Mining
23:08 Gold Shaft Mining
26:50 Stone Shaft Mining
27:34 Heavy Plow
30:19 Treadmill Crane
30:38 Murder Holes
33:22 Imperial Age
31:04 Gillnets
31:23 Scale Barding Armor
31:19 Scale Mail Armor
31:31 Forging
33:33 Medium Warships
35:17 Chemistry
34:31 Fortified Wall
35:41 Heavy Warships
35:25 Demolition Ship
36:05 Elite Cataphract
38:18 Bombard Tower
37:50 Guard Tower
38:39 Greek Fire
38:32 Heavy Demolition Ship
42:55 Two-Man Saw
42:24 Ballistics
44:24 Keep
44:38 Shipwright
44:24 Siphons
44:33 Clinker Construction
44:35 Careening
44:14 Arrowslits
56:34 Iron Casting
56:20 Chain Barding Armor
Khirs
1:03 Loom
15:02 Feudal Age
15:45 Fishing Lines
18:39 Wheelbarrow
17:55 Double-Bit Axe
25:32 Castle Age
23:50 Fletching
24:50 Stone Mining
24:54 Gold Mining
25:00 Man-at-Arms
25:45 Padded Archer Armor
28:25 Bodkin Arrow
28:57 Bow Saw
30:05 Coinage
29:55 Leather Archer Armor
30:39 Stone Shaft Mining
30:13 Pikeman
32:58 Scale Mail Armor
33:09 Forging
37:00 Imperial Age
35:01 Arson
35:40 Great Wall
37:51 Chain Mail Armor
38:17 Ballistics
38:58 Chemistry
38:25 Conscription
38:42 Bracer
43:13 Hand Cart
43:04 Murder Holes
43:03 Arrowslits
44:08 Gold Shaft Mining
46:12 Masonry
46:14 Capped Ram
46:59 Long Swordsman
49:05 Halberdier
52:58 Architecture
52:23 Two-Handed Swordsman
53:30 Heavy Rocket Cart
57:10 Medium Warships
57:32 Rocketry
56:37 Elite Chu Ko Nu
DogeDogOfVenice
0:29 Loom
14:13 Feudal Age
15:13 Double-Bit Axe
18:59 Wheelbarrow
20:03 Horse Collar
22:47 Fishing Lines
34:39 Castle Age
32:31 Town Watch
36:10 Caravan
38:17 Hand Cart
40:57 Imperial Age
39:34 Chemistry
38:58 Town Patrol
39:15 Gillnets
39:35 Medium Warships
38:45 Demolition Ship
39:25 Padded Archer Armor
39:15 Fletching
40:40 Bow Saw
40:32 Fletching
40:42 Padded Archer Armor
40:44 Scale Mail Armor
40:49 Scale Barding Armor
42:11 Bodkin Arrow
42:51 Heavy Warships
41:47 Elite Cannon Galleon
42:52 Elite Cannon Galleon
44:45 Siphons
44:50 Clinker Construction
44:50 Careening
44:46 Siphons
45:14 Guilds
45:34 Coinage
46:01 Incendiaries
46:03 Clinker Construction
46:18 Ballistics
46:10 Masonry
47:10 Bracer
47:26 Leather Archer Armor
47:43 Chain Mail Armor
47:48 Chain Barding Armor
47:39 Forging
47:26 Guard Tower
48:32 Murder Holes
49:19 Banking
50:10 Two-Man Saw
52:59 Architecture
52:35 Siege Engineers
52:18 Arrowslits
57:48 Keep
Connection lost

Rejoining the realm…

Still unreachable

The connection could not be restored.

Session expired

The server has moved on; the page needs a fresh start.